 Dungeon Crawl Stone Soup version 0.26.0-20-g3ca415f5b8 (webtiles) character file.

Game seed: 5596318614169030766

158 Qrupt the Sneak (level 5, -6/31 HPs)
             Began as an Octopode Earth Elementalist on Jan 25, 2021.
             Mangled by an orc
             ... wielding a +0 flail
              (12 damage)
             ... on level 4 of the Dungeon.
             The game lasted 00:05:06 (4054 turns).

Qrupt the Sneak (Octopode Earth Elementalist)       Turns: 4054, Time: 00:05:09

Health: -6/31      AC:  1    Str:  7    XL:     5   Next: 40%
Magic:  1/9        EV: 14    Int: 19    God:
Gold:   238        SH:  0    Dex: 12    Spells: 8/9 levels left

rFire    . . .     SeeInvis .   l - +0 dagger
rCold    . . .     Faith    .   (no shield)
rNeg     . . .     Spirit   .   (helmet restricted)
rPois    .         Reflect  .   (no amulet)
rElec    .         Harm     .   (no ring)
rCorr    .         Rampage  .   (no ring)
Will     .....                  (no ring)
Stlth    +++.......             (no ring)
HPRegen  0.10/turn              (no ring)
MPRegen  0.11/turn              (no ring)
                                (no ring)
                                (no ring)

@: mighty, very slightly contaminated
A: almost no armour, stealthy swim, amphibious, 8 rings, constrict 8, camouflage
1, gelatinous body 1
a: no special abilities


You were on level 4 of the Dungeon.
You visited 1 branch of the dungeon, and saw 4 of its levels.

You collected 238 gold pieces.

Inventory:

Hand Weapons
 l - a +0 dagger (weapon)
Missiles
 b - 181 stones
 s - 3 atropa-tipped darts
Jewellery
 m - an uncursed amulet of magic regeneration
 n - an uncursed ring of fire {unknown}
Scrolls
 d - 6 scrolls of identify {unknown}
 e - a scroll of fog {unknown}
 h - a scroll of fear {unknown}
 i - 3 scrolls of remove curse {unknown}
 k - 3 scrolls of teleportation {unknown}
 p - a scroll of random uselessness {unknown}
 q - a scroll of magic mapping {unknown}
 r - a scroll of enchant armour {unknown}
 t - a scroll of blinking {unknown}
Potions
 a - a potion of might
 c - 2 potions of haste {unknown}
 f - a potion of ambrosia {unknown}
 g - a potion of lignification {unknown}
 j - 4 potions of heal wounds {unknown}
 o - 2 potions of curing {unknown}


   Skills:
 + Level 2.9 Dodging
 + Level 4.1 Stealth
 + Level 2.8 Spellcasting
 + Level 2.3 Transmutations
 + Level 3.7 Earth Magic


You had 8 spell levels left.
You knew the following spells:

 Your Spells              Type           Power        Failure   Level
a - Sandblast             Erth           32%          3%          1

Your spell library contained the following spells:

 Spells                   Type           Power        Failure   Level
 Passwall                 Tmut/Erth      11%          7%          2
 Stone Arrow              Conj/Erth      18%          22%         3
 Petrify                  Tmut/Erth      14%          41%         4
 Lee's Rapid Deconstruct  Erth           8%           67%         5


Dungeon Overview and Level Annotations

Branches:
Dungeon (4/15)
 Temple: D:4-7

Altars:
Ashenzari
Okawaru
Trog


Innate Abilities, Weirdness & Mutations

You cannot wear most types of armour.
You are very stealthy in the water. (Stealth+)
You are amphibious.
You can wear up to eight rings at the same time.
You can use your tentacles to constrict eight enemies at once.
Your skin changes colour to match your surroundings (Stealth+).
Your rubbery body absorbs attacks. (AC +1, EV +1)


Message History

You aren't carrying any items that you can evoke.
It was a potion of might.
You feel very mighty all of a sudden. The orc barely misses you.
Casting: Sandblast (safe; 3% risk of failure)
Confirm with . or Enter, or press ? or * to list all spells.
Aiming: Sandblast (safe; 3% risk of failure)
Press: ? - help, Shift-Dir - straight line, f/p - orc
Aim: an orc, wielding a +0 flail and wearing a +0 leather armour (21% to evade)
The blast of sand hits the orc!
You kill the orc!
Casting: Sandblast (safe; 3% risk of failure)
Confirm with . or Enter, or press ? or * to list all spells.
Aiming: Sandblast (safe; 3% risk of failure)
Press: ? - help, Shift-Dir - straight line, f/p - orc
Aim: an orc, wielding a +0 flail and wearing a +0 leather armour (21% to evade)
You miscast Sandblast.
You are very lightly contaminated with residual magic.
Nothing appears to happen.
The orc hits you with a +0 flail!
You die...

......+....#.$...###$⌠$###.......
......#....#......#######).......
......#....#.....................
..>...#....#.........$...........
......#....#.........#...........
#.##.#.........######+##### #.
#.###....o........ #...).........
#..@o......... #.............
#............. .....##########
......# l.......# ........+
........#


You could see 2 orcs and a frilled lizard (asleep).

Vanquished Creatures
  An orc priest (D:4)
  A gnoll (D:2)
  2 adders (D:3)
  2 worms (D:2)
  3 dart slugs (D:1)
  3 leopard geckos
  6 orcs
  3 giant cockroaches
  5 hobgoblins
  13 jackals
  A quokka (D:2)
  5 bats
  5 frilled lizards
  12 goblins
  7 kobolds
  7 rats
76 creatures vanquished.

Notes
Turn   | Place    | Note
-------+----------+-------------------------------------------
     0 | D:1      | Qrupt the Octopode Earth Elementalist began the quest for
                  | the Orb.
     0 | D:1      | Reached XP level 1. HP: 11/11 MP: 3/3
   623 | D:1      | Reached XP level 2. HP: 17/17 MP: 5/5
   641 | D:1      | Reached skill level 3 in Stealth
  1092 | D:1      | Reached XP level 3. HP: 21/21 MP: 6/6
  1967 | D:2      | Reached XP level 4. HP: 17/27 MP: 4/7
  2122 | D:2      | Found an iron altar of Okawaru.
  2263 | D:2      | Found a bloodstained altar of Trog.
  2305 | D:2      | Found a broken altar of Ashenzari.
  3643 | D:3      | Reached XP level 5. HP: 31/31 MP: 9/9
  3647 | D:3      | Reached skill level 4 in Stealth
  4054 | D:4      | Mangled by an orc

Illustrated notes

Levels and vault maps discovered:
D:1:      lightli_iron_boxes, layout_basic
D:2:      layout_basic, okawaru_altar_gauntlet_db, minitemple
D:3:      layout_loops_ring, kennysheep_minor_cross
D:4:      cheibrodos_pilgrimage, layout_gridville,
          nicolae_overflow_crystal_walls, kennysheep_generic_room_3

Skill      XL: |  1  2  3  4  5 |
---------------+----------------+-----
Stealth        | 3 4 |  4.1
Transmutations | 2 |  2.3
Dodging        | |  2.9
Spellcasting   | |  2.8
Earth Magic    | |  3.7

Action                   |  1- 3 |  4- 6 || total
-------------------------+-------+-------++-------
Melee: Unarmed           |    27 |       ||    27
       Constrict         |    22 |    12 ||    34
       Tentacles         |    14 |    12 ||    26
       Dagger            |    36 |    55 ||    91
 Cast: Sandblast         |    21 |    32 ||    53
  Use: Potion            |       |     1 ||     1
 Stab: Sleeping          |     8 |     6 ||    14
Armor: Skin              |     5 |     3 ||     8
Dodge: Dodged            |    37 |    52 ||    89
